 Dungeon Crawl Stone Soup version 0.26.0-18-gc5c842f807 (webtiles) character file.

Game seed: 12331506231631297063

393 inqbanana the Skirmisher (level 6, -11/67 HPs)
             Began as an Ogre Chaos Knight on Jan 22, 2021.
             Was a Plaything of Xom.
             Mangled by a wraith (13 damage)
             ... on level 5 of the Dungeon.
             The game lasted 00:05:31 (3639 turns).

inqbanana the Skirmisher (Ogre Chaos Knight)        Turns: 3639, Time: 00:05:32

Health: -11/67     AC:  5    Str: 15 (17) XL:     6   Next: 81%
Magic:  6/6        EV: 11    Int: 10 (13) God:    Xom [....*.]
Gold:   902        SH:  0    Dex: 10      Spells: 5/5 levels left

rFire    . . .     SeeInvis .   a - +1 mace (chaos)
rCold    . . .     Faith    .   (no shield)
rNeg     . . .     Spirit   .   b - +2 robe
rPois    .         Reflect  .   (helmet restricted)
rElec    .         Harm     .   (no cloak)
rCorr    .         Rampage  .   (gloves unavailable)
Will     .....                  (boots unavailable)
Stlth    +.........             (no amulet)
HPRegen  0.21/turn              (no ring)
MPRegen  0.10/turn              (no ring)

@: slowed, very slow
A: large, unfitting armour, tough skin 1
a: Renounce Religion


You were on level 5 of the Dungeon.
You worshipped Xom.
You were a beloved toy of Xom.
You visited 1 branch of the dungeon, and saw 5 of its levels.

You collected 902 gold pieces.

Inventory:

Hand Weapons
 a - a +1 mace of chaos (weapon)
Armour
 b - a +2 robe (worn)
 c - a +0 robe of the Archmagi
 k - a +0 chain mail
Jewellery
 j - a cursed amulet of inaccuracy
Scrolls
 f - 2 scrolls of enchant weapon
 g - a scroll of remove curse
 h - a scroll of identify
 i - 2 scrolls of teleportation
Potions
 d - a potion of magic


   Skills:
 + Level 5.6 Fighting
 * Level 4.7 Maces & Flails
 + Level 2.1 Armour
 + Level 3.4 Dodging


You had 5 spell levels left.
You didn't know any spells.
Your spell library was empty.

Dungeon Overview and Level Annotations

Branches:
Dungeon (6/15)
 Temple: D:4-7

Altars:
Elyvilon
Fedhas
Kikubaaqudgha
Trog
Xom


Innate Abilities, Weirdness & Mutations

You are too large for most types of armour.
You have tough skin. (AC +1)


Message History

The wraith barely misses you. The wraith closely misses you. x2
You closely miss the wraith.
The wraith is severely damaged.
The wraith hits you. The wraith drains your vigour!
You feel as though you will be slow longer.
The wraith closely misses you. The wraith hits you!
* * * LOW HITPOINT WARNING * * *
You hit the wraith.
The wraith seems to grow stronger.
The wraith is severely damaged.
The wraith hits you.
* * * LOW HITPOINT WARNING * * *
The wraith hits you.
* * * LOW HITPOINT WARNING * * *
You barely miss the wraith.
The wraith is severely damaged.
The wraith hits you!
* * * LOW HITPOINT WARNING * * *
The wraith hits you!
You die...
Xom chortles!

# ######.+
....§§§≈≈(.....
.......+
..§§...≈§$.....
.....###
§≈≈≈≈≈≈..≈§≈§§§
.....#
§≈§≈≈≈§..≈≈≈≈≈≈
######
§≈§§§≈≈..≈≈≈§≈§
≈§§§≈§≈..≈≈≈≈≈≈
#§§≈≈≈≈W.§≈≈≈≈≈
#≈≈§≈§@.≈§≈≈≈#
##≈≈≈≈..≈§§§##
##§≈§..≈≈§##
####''####
#...# #.### #.#
#####.# #.....#


You could see a wraith (fast, strong, agile).

Vanquished Creatures
  A swamp drake (D:5)
  2 hounds (D:6)
  An iron imp (D:6)
  3 orc wizards
  A worker ant (D:6)
  2 adders
  A shadow imp (D:6)
  2 white imps (D:6)
  A worm (D:6)
  2 dart slugs
  A leopard gecko (D:2)
  5 orcs
  5 giant cockroaches
  7 goblins
  5 hobgoblins
  A jackal (D:2)
  A quokka (D:5)
  A ball python (D:1)
  3 bats (D:1)
  4 frilled lizards
  7 kobolds
  7 rats
  2 rat zombies (D:6)
65 creatures vanquished.

Vanquished Creatures (others)
  5 fungi
5 creatures vanquished.

Grand Total: 70 creatures vanquished

Notes
Turn   | Place    | Note
-------+----------+-------------------------------------------
     0 | D:1      | inqbanana the Ogre Chaos Knight began the quest for the
                  | Orb.
     0 | D:1      | Reached XP level 1. HP: 24/24 MP: 1/1
    78 | D:1      | Reached XP level 2. HP: 32/32 MP: 2/2
   261 | D:1      | XOM: 2-stop teleportation journey
   673 | D:1      | XOM: silly message
   676 | D:1      | Reached XP level 3. HP: 40/40 MP: 3/3
  1617 | D:2      | Found a faded altar of an unknown god.
  1814 | D:2      | Found a bloodstained altar of Trog.
  1868 | D:3      | Found a blossoming altar of Fedhas.
  1885 | D:3      | You fall into a shaft and drop 3 floors!
  1945 | D:6      | Reached skill level 1 in Armour
  1945 | D:6      | Reached XP level 4. HP: 45/49 MP: 4/4
  2144 | D:6      | XOM: enchant monster (good)
  2148 | D:6      | Reached XP level 5. HP: 16/55 MP: 5/5
  2338 | D:6      | XOM: god gift: 602 gold pieces
  2411 | D:6      | Reached skill level 5 in Fighting
  2524 | D:5      | Entered Level 5 of the Dungeon
  2526 | D:5      | Noticed an ogre
  2527 | D:5      | Found a white marble altar of Elyvilon.
  2529 | D:5      | XOM: potion effect (brilliance)
  2542 | D:6      | XOM: god gift: 36 gold pieces
  2569 | D:6      | Found an ancient bone altar of Kikubaaqudgha.
  2608 | D:6      | Noticed an orc warrior
  2640 | D:6      | XOM: scenery: create altars
  2652 | D:6      | XOM: scenery: create altars
  2656 | D:6      | XOM: god gift: 29 gold pieces
  2660 | D:6      | an orc warrior changed into a worm
  2660 | D:6      | XOM: polymorph orc warrior -> worm
  2677 | D:6      | XOM: confuse monster(s)
  2954 | D:6      | Reached XP level 6. HP: 53/66 MP: 6/6
  3094 | D:6      | XOM: 2-stop teleportation journey
  3144 | D:6      | XOM: scenery: summon butterflies
  3190 | D:5      | Noticed a swamp drake
  3190 | D:5      | an ogre changed into a swamp drake
  3192 | D:5      | XOM: confuse monster(s)
  3193 | D:5      | XOM: smoke on damage
  3200 | D:5      | Killed a swamp drake
  3314 | D:5      | XOM: god gift: chain mail {god gift}
  3627 | D:5      | Noticed a wraith
  3639 | D:5      | HP: 2/67 [wraith (12)]
  3639 | D:5      | Mangled by a wraith

Illustrated notes

Levels and vault maps discovered:
D:1:      minmay_arrival_four_loops, layout_loops_corners, moated_statue,
          minmay_circled_x
D:2:      wander_river, layout_basic, bloody_trog,
          chequers_ecumenical_altar_simple, minmay_pentomino_r2
D:3:      layout_basic, lemuel_coloured_pillars_altar,
          nicolae_overflow_crystal_walls, led_sif_book
D:5:      kennysheep_big_flooded_room, layout_basic, elyvilon_altar_1,
          uniq_prince_ribbit1
D:6:      layout_loops_ring, lemuel_zombie_altar_kikubaaqudgha, serial_aquarium,
          aquarium_bridge_long_separate [aquarium_subvault_window,
          aquarium_subvault_window, aquarium_subvault_bridge,
          aquarium_subvault_bridge, aquarium_subvault_wall,
          aquarium_subvault_bridge], aquarium_window_1, aquarium_window_corner,
          aquarium_view_4, aquarium_view_2c, aquarium_pool_five

Skill      XL: |  1  2  3  4  5  6 |
---------------+-------------------+-----
Maces & Flails | 3 4 |  4.7
Armour         | 1 2 |  2.1
Fighting       | 5 |  5.6
Dodging        | 3 |  3.4

Action                   |  1- 3 |  4- 6 || total
-------------------------+-------+-------++-------
Melee: Mace              |   109 |   115 ||   224
  Use: Potion            |     4 |     3 ||     7
       Scroll            |     3 |     3 ||     6
 Stab: Sleeping          |     1 |       ||     1
       Paralysed         |       |     4 ||     4
       Invisible         |       |     2 ||     2
       Petrified         |       |     6 ||     6
       Petrifying        |       |     1 ||     1
Armor: Robe              |    58 |    21 ||    79
Dodge: Dodged            |    72 |    53 ||   125
